Map: Divergence LE

Players

GonZo

  • Race: Protoss Protoss
  • League: Platinum
  • Spawn Location: 11:00

LauFingMan

  • Race: Protoss Protoss
  • League: Silver
  • Spawn Location: 11:00

Massa - Winner!

  • Race: Terran Terran
  • League: Gold
  • Spawn Location: 5:00

qqq - Winner!

  • Race: Protoss Protoss
  • League: Platinum
  • Spawn Location: 5:00

VOD

Have the link to the VOD?

Description

Time

  • Played on: July 27, 2020, 2:49 p.m.
  • Length: 8:32
Show
View Real Time Build Order
Export as new Build Order

GonZo Protoss 

Build Orders:  

Get SALT Encoding   

  12  0:00  Probe  
  13  0:12  Probe  
  14  0:19  Pylon  
  14  0:25  Probe  
  15  0:37  Probe  
  16  0:42  Gateway  
  16  0:49  Probe  
  17  0:58  Assimilator  
  17  1:05  Pylon  
  17  1:07  Pylon  
  17  1:17  Forge  
  17  1:30  Probe  
  18  1:39  Zealot  
  19  1:52  Photon Cannon  
  19  1:56  Photon Cannon  
  19  2:13  Probe  
  20  2:16  Assimilator  
  20  2:39  Probe  
  21  2:51  Probe  
  22  3:03  Probe  
  23  3:08  Gateway  
  23  3:10  Gateway  
  23  3:12  Cybernetics Core  
  23  3:26  Probe  
  24  3:38  Probe  
  25  3:55  Pylon  
  25  3:56  Probe, Stargate  
  25  3:57  Warp Gate  
  26  4:09  Stalker  
  28  4:10  Stalker  
  28  4:13  Stalker  
  32  4:17  Pylon  
  32  4:28  Oracle  
  35  4:51  Probe  
  36  4:54  Oracle  
  39  5:10  Probe  
  40  5:21  Oracle  
  40  5:26  Probe  
  44  5:38  Probe  
  45  5:45  Pylon  
  45  5:49  Void Ray  
  44  6:00  Pylon  
  48  6:24  Probe  
  30  8:06  Probe  
  31  8:19  Pylon  
  31  8:28  Pylon  
Show
View Real Time Build Order
Export as new Build Order

LauFingMan Protoss 

Build Orders:  

Get SALT Encoding   

  12  0:00  Probe  
  13  0:13  Probe  
  14  0:19  Pylon  
  14  0:25  Probe  
  15  0:37  Probe  
  15  0:41  Gateway  
  17  0:50  Probe, Assimilator  
  17  1:02  Probe  
  18  1:17  Forge  
  18  1:18  Probe  
  18  1:22  Assimilator  
  19  1:40  Cybernetics Core  
  19  1:41  Pylon  
  19  1:51  Photon Cannon  
  18  1:56  Pylon  
  18  2:00  Probe  
  19  2:11  Photon Cannon  
  19  2:12  Probe  
  20  2:21  Photon Cannon  
  20  2:33  Photon Cannon  
  20  2:38  Warp Gate  
  20  2:48  Photon Cannon  
  20  2:54  Probe  
  21  3:02  Protoss Ground Weapons Level 1  
  21  3:06  Probe  
  19  3:22  Probe  
  20  3:31  Gateway  
  20  3:35  Probe  
  21  3:53  Gateway  
  21  3:58  Probe  
  21  4:02  Pylon  
  22  4:19  Gateway  
  22  4:33  Stalker x2  
  22  4:35  Probe  
  27  4:51  Stalker  
  29  4:53  Probe  
  29  4:59  Stalker  
  32  5:01  Protoss Shields Level 1, Stalker  
  34  5:17  Stalker  
  36  6:03  Stalker x4  
  44  6:08  Pylon  
  44  6:12  Photon Cannon  
  44  6:20  Robotics Facility  
  44  6:54  Stalker  
  44  6:55  Stalker x3  
  44  7:01  Pylon  
  34  7:22  Stalker x3  
  30  7:45  Stalker  
  30  7:50  Immortal  
Show
View Real Time Build Order
Export as new Build Order

Massa Terran - Winner!

Build Orders: Command Center First (CC) 

Get SALT Encoding   

  12  0:02  SCV  
  13  0:14  Supply Depot  
  13  0:17  SCV  
  14  0:30  SCV  
  15  0:42  SCV  
  16  0:54  SCV  
  17  1:02  Command Center  
  17  1:10  Refinery  
  17  1:13  SCV  
  18  1:22  Engineering Bay  
  18  1:25  SCV  
  19  1:37  SCV  
  20  1:40  Refinery  
  20  1:49  SCV  
  21  2:02  SCV  
  22  2:14  SCV  
  23  2:26  SCV  
  24  2:38  SCV  
  25  2:50  SCV  
  26  2:54  Barracks  
  26  2:55  Barracks  
  26  3:23  Barracks  
  26  3:24  Command Center  
  26  3:31  Supply Depot  
  26  3:46  Factory, Marine x2  
  28  3:49  Factory  
  28  4:04  Marine x2  
  30  4:11  Neosteel Armor  
  30  4:38  Factory Tech Lab  
  30  4:39  Factory Tech Lab  
  30  4:43  SCV  
  30  4:44  Command Center  
  31  4:55  SCV  
  32  5:01  Marine x2  
  32  5:03  Widow Mine  
  36  5:07  SCV, Siege Tank  
  40  5:19  SCV, Marine x2  
  43  5:22  Bunker  
  43  5:31  SCV, Siege Tank  
  47  5:37  Marine x2  
  49  5:54  Barracks, Marine  
  50  6:16  Marine  
  51  6:31  SCV  
  50  6:33  SCV  
  50  6:34  Marine  
  52  6:43  SCV  
  52  6:45  SCV  
  54  6:51  Marine  
  55  6:55  SCV  
  55  6:57  SCV  
  57  7:05  Siege Tank  
  57  7:06  Siege Tank  
  57  7:07  SCV  
  64  7:09  SCV, Marine  
  63  7:19  SCV  
  63  7:21  SCV  
  62  7:27  Marine  
  56  7:38  Siege Tank  
  57  7:45  Marine  
  53  8:03  Marine  
  57  8:05  Orbital Command  
  57  8:07  Orbital Command  
  60  8:16  Refinery  
  60  8:19  Refinery, Missile Turret  
  60  8:21  Missile Turret  
  61  8:28  Missile Turret  
Show
View Real Time Build Order
Export as new Build Order

qqq Protoss - Winner!

Build Orders:  

Get SALT Encoding   

  12  0:02  Probe  
  13  0:15  Pylon  
  13  0:34  Probe  
  14  0:42  Forge  
  14  0:46  Probe  
  15  0:58  Probe  
  15  0:59  Pylon  
  16  1:18  Photon Cannon  
  16  1:27  Photon Cannon  
  16  1:38  Probe  
  17  1:50  Probe  
  18  2:02  Probe  
  18  2:04  Pylon  
  19  2:10  Pylon  
  19  2:15  Pylon  
  18  2:33  Photon Cannon  
  18  2:37  Photon Cannon  
  18  2:38  Photon Cannon  
  17  3:05  Gateway  
  17  3:11  Nexus  
  17  3:26  Probe, Assimilator  
  18  3:30  Assimilator  
  18  3:38  Probe  
  19  3:50  Probe  
  20  3:59  Cybernetics Core  
  20  4:03  Probe  
  21  4:15  Probe, Zealot  
  24  4:27  Probe  
  24  4:30  Probe  
  26  4:39  Probe  
  26  4:40  Robotics Facility  
  26  4:42  Probe  
  28  4:45  Robotics Facility  
  28  4:51  Probe  
  28  4:52  Stalker  
  31  4:54  Probe  
  32  5:06  Probe  
  33  5:18  Probe  
  34  5:22  Stalker  
  36  5:31  Probe  
  36  5:33  Immortal  
  41  5:44  Pylon  
  41  5:48  Pylon  
  41  6:02  Probe, Immortal  
  46  6:13  Observer  
  46  6:14  Probe  
  48  6:26  Probe  
  48  6:29  Nexus  
  49  6:34  Observer  
  49  6:38  Probe  
  49  6:39  Photon Cannon  
  50  6:41  Immortal  
  53  6:50  Probe  
  50  7:02  Probe  
  50  7:08  Pylon  
  51  7:11  Probe  
  51  7:14  Probe  
  49  7:34  Immortal  
  46  7:38  Stalker  
  46  7:41  Probe  
  45  7:46  Probe  
  46  7:53  Probe  
  47  8:05  Probe  
  52  8:17  Probe x2  
Tags
 
Add a new tag
Caveats
  • Supply blocks, unpowered buildings, or Contaminate may cause inaccurate times.
  • Supply counts are checked every 10 seconds.